 Dungeon Crawl Stone Soup version 0.31-a0-246-g8cbcc1cb85 (webtiles) character file.

Game seed: 15910215394432232330

1082 Dittersdorf the Trooper (level 8, 0/53 HPs)
             Began as a Gargoyle Fighter on July 12, 2023.
             Killed from afar by Dowan (18 damage)
             ... with a shard of ice
             ... on level 4 of the Dungeon.
             The game lasted 00:05:30 (3935 turns).

Dittersdorf the Trooper (Gargoyle Fighter)          Turns: 3935, Time: 00:05:30

Health: 0/53       AC: 15    Str: 22    XL:     8   Next: 30%
Magic:  8/8        EV: 13    Int:  9    God:
Gold:   104        SH:  9    Dex:  9    Spells: 7/7 levels left

rFire   . . .        a - +1 flail
rCold   . . .        o - +0 kite shield
rNeg    + . .        b - +0 scale mail
rPois   ∞            r - +0 helmet
rElec   +            (no cloak)
rCorr   .            (no gloves)
SInv    .            k - +0 pair of boots
Will    +....        (no amulet) Stlth
                     m - ring of willpower
HPRegen 0.28/turn    f - +5 ring of evasion
MPRegen 0.11/turn

%: no passive effects
@: studying Fighting
A: sickness immunity, AC +5, negative energy resistance 1, electricity
resistance, torment resistance 1, petrification resistance
a: no special abilities


You were on level 4 of the Dungeon.
You visited 1 branch of the dungeon, and saw 4 of its levels.

You collected 104 gold pieces.

Inventory:

Hand Weapons
 a - a +1 flail (weapon)
Missiles
 l - 13 poisoned darts (quivered)
Armour
 b - a +0 scale mail (worn)
 c - a +0 plate armour
 k - a +0 pair of boots (worn)
 o - a +0 kite shield (worn)
 r - a +0 helmet (worn)
Jewellery
 f - a +5 ring of evasion (right hand)
 g - a +6 ring of dexterity
 m - a ring of willpower (left hand)
Wands
 n - a wand of digging (6)
Scrolls
 h - a scroll of poison
 i - a scroll of enchant weapon
 s - a scroll of teleportation {unknown}
Potions
 d - 2 potions of might
 e - 2 potions of invisibility {unknown}
 j - a potion of ambrosia
 p - a potion of curing
 q - a potion of haste


   Skills:
 + Level 7.5 Fighting
 + Level 5.0 Maces & Flails
 + Level 6.2 Armour
 + Level 6.1 Shields


You had 7 spell levels left.
You didn't know any spells.
Your spell library contained the following spells:

 Spells                   Type           Power      Damage    Failure   Level
 Ensorcelled Hibernation  Hex/Ice        0%         N/A       97%         2
 Passwall                 Tmut/Erth      0%         N/A       97%         2
 Inner Flame              Hex/Fire       0%         N/A       99%         3
 Swiftness                Air            0%         N/A       99%         3
 Dispel Undead            Necr           0%         3d6       100%        4
 Flame Wave               Conj/Fire      0%         2d4       100%        4
 Sticky Flame             Conj/Fire      0%         2d3       100%        4
 Death Channel            Necr           0%         N/A       100%        6
 Cigotuvi's Dreadful Rot  Necr/Pois/Air  Unusable   N/A       N/A         2

Dungeon Overview and Level Annotations

Branches:
Dungeon (4/15)
 Temple: D:4-7

Altars:
Ru
Trog
Yredelemnul

Annotations:
D:4 Dowan


Innate Abilities, Weirdness & Mutations

You are immune to sickness and miasma.
Your stone body is resilient. (AC +5)
You are immune to poison.
You resist negative energy. (rN+)
You are resistant to electric shocks. (rElec)
You are resistant to unholy torment.
You are immune to petrification.


Message History

Aim: Dowan, wielding a +0 dagger and wearing a +0 robe (fast, 46% to hit)
You throw a poisoned dart. The poisoned dart hits Dowan.
Dowan is poisoned.
Dowan breathes, "And she was my only..."
Dowan points at you and mumbles some strange words.
The shard of ice hits you! Dowan hits you with a +0 dagger.
Throw: 14 darts (poison)
Press: ? - help, Q - select action Shift-Dir - straight line, f/p - Dowan
Aim: Dowan, wielding a +0 dagger and wearing a +0 robe (fast, poisoned, 46% to hit)
You throw a poisoned dart. The poisoned dart hits Dowan.
Dowan looks even sicker.
Dowan misses you.
You sock Dowan!
Dowan is heavily wounded.
You block Dowan's attack. Dowan gestures at you while chanting.
The stone arrow hits you.
You barely miss Dowan.
Dowan is heavily wounded.
Dowan says, "Her death will not be in vain!"
Dowan hits you but does no damage. x2
You hit Dowan.
Dowan is severely wounded.
Dowan points at you and mumbles some strange words.
The shard of ice misses you.
Dowan shakes with grief.
Dowan mumbles some strange words.
Dowan blinks!
Dowan casts a spell at you. The shard of ice misses you.
You block the hobgoblin's attack.
Dowan casts a spell.
Dowan blinks!
Items here: ( ) [ †.
You barely miss the hobgoblin.
The hobgoblin hits you but does no damage.
You block the hobgoblin's attack.
You closely miss the hobgoblin. You block the hobgoblin's attack.
You closely miss the hobgoblin. Dowan casts a spell at you.
The shard of ice hits you!!
You die...

#......# .......# ####.#
......## ##....#
......#### #....<#
....÷....### #..#..#
...........# #...e.##
#..........# #e#.. .
#..........### #.#e#.#
#............# #@#.#.##
#............###g(....#
#..............###.#....#
#..................##.#.#
#...##.......>..#.....# #
... #..........####.##
............# .#
...........## .
..........# ##


You could see Dowan (fast, poisoned) and a hobgoblin.

Vanquished Creatures
  Pikel (D:4)
  Menkaure (D:4)
  Duvessa (D:4)
  A hound (D:3)
  An orc priest (D:3)
  A sleepcap (D:4)
  Ijyb (D:4)
  An iguana (D:3)
  An orc wizard (D:4)
  Natasha (thrice) (D:3)
  7 adders
  3 worms
  5 dart slugs
  2 orcs (D:3)
  2 bats (D:1)
  7 endoplasms
  5 giant cockroaches
  7 goblins
  8 hobgoblins
  7 jackals
  8 quokkas
  7 ball pythons
  5 frilled lizards
  6 kobolds
  11 rats
102 creatures vanquished.

Notes
Turn   | Place    | Note
-------+----------+-------------------------------------------
     0 | D:1      | Dittersdorf the Gargoyle Fighter began the quest for the
                  | Orb.
     0 | D:1      | Reached XP level 1. HP: 14/14 MP: 1/1
     6 | D:1      | Noticed a salamander
     6 | D:1      | Noticed a komodo dragon
     7 | D:1      | Noticed a rime drake
     7 | D:1      | Noticed a lindwurm
    95 | D:1      | Reached XP level 2. HP: 19/19 MP: 2/2
   420 | D:1      | Reached XP level 3. HP: 23/23 MP: 3/3
  1245 | D:2      | Reached XP level 4. HP: 29/29 MP: 4/4
  1773 | D:3      | Found a faded altar of an unknown god.
  1811 | D:3      | Reached skill level 4 in Fighting
  1993 | D:3      | Reached XP level 5. HP: 33/33 MP: 5/5
  2411 | D:4      | Identified a scroll of acquirement
  2411 | D:4      | Acquired a manual of Fighting
  2485 | D:4      | Found a sacrificial altar of Ru.
  2500 | D:4      | Found a bloodstained altar of Trog.
  2592 | D:4      | Noticed Natasha
  2592 | D:4      | Noticed Menkaure
  2738 | D:3      | Killed Natasha
  2853 | D:3      | Noticed Natasha
  2859 | D:3      | Killed Natasha
  2860 | D:3      | Reached XP level 6. HP: 39/40 MP: 6/6
  2876 | D:3      | Noticed Natasha
  2883 | D:3      | Killed Natasha
  2884 | D:3      | Reached skill level 5 in Fighting
  3016 | D:3      | Found a faded altar of an unknown god.
  3327 | D:4      | Found a basalt altar of Yredelemnul.
  3611 | D:4      | Killed Menkaure
  3612 | D:4      | Reached skill level 5 in Armour
  3612 | D:4      | Reached skill level 5 in Shields
  3612 | D:4      | Reached XP level 7. HP: 45/45 MP: 7/7
  3640 | D:4      | Noticed Ijyb
  3641 | D:4      | Noticed Pikel
  3694 | D:4      | Killed Pikel
  3695 | D:4      | Reached skill level 7 in Fighting
  3695 | D:4      | Reached XP level 8. HP: 11/53 MP: 8/8
  3721 | D:4      | Killed Ijyb
  3908 | D:4      | Noticed Duvessa
  3908 | D:4      | Noticed Dowan
  3924 | D:4      | Killed Duvessa
  3925 | D:4      | Reached skill level 5 in Maces & Flails
  3935 | D:4      | Killed from afar by Dowan

Illustrated notes

Levels and vault maps discovered:
D:1:      onia_arrival_zoo_common, layout_basic
D:2:      layout_loops_ring
D:3:      layout_loops_ring, hellmonk_ecumenical_altar_lost_god, hex_tiny
D:4:      minmay_chambers_of_threes, layout_basic,
          mainiacjoe_overflow_large_starburst, mainiacjoe_overflow_tiny_flanked,
          hangedman_abyss_or_decor_lesser_grid, uniq_ijyb, uniq_duvessa,
          uniq_natasha, uniq_pikel, uniq_menkaure

Skill      XL: |  1  2  3  4  5  6  7  8 |
---------------+-------------------------+-----
Armour         | 4 5 6 |  6.2
Shields        | 4 5 6 |  6.1
Fighting       | 4 5 7 |  7.5
Maces & Flails | 3 4 5 |  5.0

Action                     |  1- 3 |  4- 6 |  7- 9 || total
---------------------------+-------+-------+-------++-------
  Melee: Flail             |    98 |   209 |    80 ||   387
  Throw: Dart              |       |     5 |    16 ||    21
    Use: Scroll            |       |     7 |       ||     7
 Armour: Scale mail        |    42 |    92 |    51 ||   185
  Dodge: Dodged            |    34 |   117 |    82 ||   233
  Block: Buckler           |    21 |    11 |       ||    32
         Kite shield       |       |    74 |    57 ||   131

Table legend: (Time is in decaauts)
 A = Elapsed time spent in this place.
 B = Non-inter-level travel time spent in this place.
 C = Inter-level travel time spent in this place.
 D = Time resting spent in this place.
 E = Time spent auto-exploring this place.
 F = Levels seen in this place.
 G = Mean time per level.
                   A        B        C        D        E       F      G
               +--------+--------+--------+--------+--------+-----+--------+
         Total |   4064 |   3918 |    146 |    412 |   2548 |   4 | 1016.0 |
       Dungeon |   4064 |   3918 |    146 |    412 |   2548 |   4 | 1016.0 |
               +--------+--------+--------+--------+--------+-----+--------+

Top non-repeatable levels by time:
     D:3: 1458 daAuts
     D:1: 944 daAuts
     D:4: 921 daAuts
     D:2: 740 daAuts
